 Dungeon Crawl Stone Soup version 0.31.0-1-g2c135a0 (webtiles) character file.

Game seed: 1562156144900222334

3 daNte the Apothecary (level 1, -4/15 HPs)
             Began as a Djinni Fire Elementalist on Jan 23, 2024.
             Slain by a gnoll
             ... wielding a +0 spear
              (6 damage)
             ... on level 1 of the Dungeon.
             The game lasted 00:05:56 (308 turns).

daNte the Apothecary (Djinni Fire Elementalist)      Turns: 308, Time: 00:05:57

Health: -4/15      AC:  2    Str:  7    XL:     1   Next: 55%
Gold:   13         EV: 12    Int: 16    God:
                   SH:  0    Dex: 13

rFire   + + +        e - staff of fire
rCold   x . .        (no shield)
rNeg    . . .        a - +0 robe
rPois   ∞            (no helmet)
rElec   .            (no cloak)
rCorr   .            (no gloves)
SInv    .            (boots unavailable)
Will    .....        (no amulet)
Stlth   ++           (no ring)
HPRegen 0.22/turn    (no ring)
MPRegen 0.00/turn

%: infuse magic (-5 HP)
@: flying
A: sickness immunity, fire resistance 2, cold vulnerability 1, float, innate
caster, HP casting, extra vitality 1
a: no special abilities


You were on level 1 of the Dungeon.
You visited 1 branch of the dungeon, and saw 1 of its levels.

You collected 13 gold pieces.

Inventory:

Hand Weapons
 h - a +0 dagger
Missiles
 d - 2 poisoned darts
 f - 7 stones
Armour
 a - a +0 robe (worn)
 c - a +0 ring mail
Magical Staves
 e - a staff of fire (weapon)
Scrolls
 b - a scroll of immolation {unknown}
 g - a scroll of identify {unknown}


   Skills:
 + Level 2.1 Dodging
 + Level 1.5 Stealth
 + Level 3.1 Spellcasting
 + Level 3.1 Conjurations
 + Level 3.1 Hexes
 + Level 3.1 Summonings
 + Level 3.1 Necromancy
 + Level 3.1 Translocations
 + Level 3.1 Fire Magic
 + Level 3.1 Ice Magic
 + Level 3.1 Air Magic
 + Level 3.1 Earth Magic
 + Level 3.1 Alchemy


You knew the following spells:

 Your Spells              Type           Power      Damage    Failure   Level
a - Foxfire               Conj/Fire      72%        2x1d7     5%          1
b - Scorch                Fire           36%        2d6       8%          2
c - Volatile Blastmotes   Fire/Tloc      36%        2d13      16%         3
d - Inner Flame           Hex/Fire       18%        N/A       16%         3
e - Flame Wave            Conj/Fire      18%        2d7       45%         4
Your spell library was empty.

Dungeon Overview and Level Annotations

Branches:
Dungeon (1/15)

Altars:


Innate Abilities, Weirdness & Mutations

You are immune to sickness and miasma.
You are immune to poison.
Your flesh is very heat resistant. (rF++)
You are vulnerable to cold. (rC-)
You float through the air rather than walking.
You learn spells naturally, not from books.
Your magical power is your life essence.
You have superior vitality. (+4 MHP)


Message History

The ball python bites you but does no damage.
The ball python constricts you.
The ball python bites you but does no damage.
The ball python constricts you.
You escape the ball python's grasp.
The ball python bites you. The ball python misses you.
You closely miss the ball python.
The ball python is severely wounded.
The ball python bites you but does no damage.
The ball python grabs you. The ball python constricts you.
You escape the ball python's grasp.
The ball python bites you. The ball python closely misses you.
You hit the ball python. You burn the ball python.
You kill the ball python!
You see here a ball python corpse.
There are no objects that can be picked up here. a ball python corpse A gnoll comes into view.
It is wielding a +0 spear.
The gnoll shouts!
You see here a +0 dagger.
h - a +0 dagger A bat comes into view.
The bat moves out of view.
There are no items here.
Found an escape hatch in the floor.
The gnoll attacks as it pursues you!
The gnoll hits you from afar with a +0 spear!
The bat barely misses you.
You miss the bat. The bat hits you but does no damage. x2
You hit the bat.
The bat is heavily wounded.
The bat hits you but does no damage.
The gnoll hits you from afar with a +0 spear!
* * * LOW HITPOINT WARNING * * *
The bat barely misses you. The gnoll hits you but does no damage.
You closely miss the bat.
The bat is heavily wounded.
The bat hits you but does no damage.
The gnoll hits you from afar with a +0 spear.
You die...

############ #.# >.
##......#..<# ... ..
.#.###..#...# #.# .
.#.#....#'### #.# .#
.#.#.⌠....#.#####.####.#
.......#..#.##.........#
.....####.'.##.##.##.#
.......#..#.##...b...#
.#.#.⌠....#.#...@.g..# .
##.#....#'####..#.##.#####..
#.###..#...##.....#........
#......#...#...............
#############..............
# ..####..###.#####.. #
..........†.# . #
#######.##### # #.....#.#


You could see a gnoll and a bat.

Vanquished Creatures
  2 ball pythons (D:1)
  A hobgoblin (D:1)
3 creatures vanquished.

Notes
Turn   | Place    | Note
-------+----------+-------------------------------------------
     0 | D:1      | daNte the Djinni Fire Elementalist began the quest for the
                  | Orb.
     0 | D:1      | daNte set off with the following spells memorised: Foxfire,
                  | Scorch, Volatile Blastmotes, Inner Flame, Flame Wave.
     0 | D:1      | Reached XP level 1. HP: 15/15 MP: 0/0
   308 | D:1      | Slain by a gnoll

Illustrated notes

Levels and vault maps discovered:
D:1:      dpeg_arrival_court, layout_loops_cross, serial_glass, glass_columns_c,
          glass_columns_b, st_stairs_5

Action                     || total
---------------------------++-------
  Melee: Staff             ||    14
         Punch             ||     1
   Stab: Sleeping          ||     1
 Armour: Robe              ||    16
  Dodge: Dodged            ||    11
